 Dungeon Crawl Stone Soup version 0.24-a0-7-g1bb0902 (webtiles) character file.

Game seed: 4708675684236549173

4394 ohad the Basher (level 10, -2/92 HPs)
             Began as an Ogre Berserker on Jan 30, 2019.
             Was an Elder of Trog.
             Slain by a two-headed ogre
             ... wielding a +0 giant club
              (3 damage)
             ... on level 9 of the Dungeon.
             The game lasted 00:23:57 (9984 turns).

ohad the Basher (Ogre Berserker)                    Turns: 9984, Time: 00:23:58

Health: -2/92      AC:  3    Str: 23    XL:     10   Next: 35%
Magic:  0/10       EV: 21    Int:  8    God:    Trog [****..]
Gold:   478        SH:  0    Dex: 21    Spells: 9/9 levels left

rFire    . . .     SeeInvis .   J - +5 flail
rCold    . . .     Gourm    .   (no shield)
rNeg     . . .     Faith    .   b - +0 animal skin
rPois    .         Spirit   +   (helmet restricted)
rElec    .         Reflect  .   (no cloak)
rCorr    .         Harm     .   (gloves unavailable)
MR       +++..                  (boots unavailable)
Stlth    +++.......             l - amulet of guardian spirit
HPRegen  1.25/turn              (no ring)
MPRegen  0.12/turn              q - +5 ring of dexterity

@: agile, lethally poisoned (-2 -> -3), berserk cooldown, flying, regenerating,
slowed, very slow
A: large, unfitting armour, tough skin 1
a: Berserk, Trog's Hand, Brothers in Arms, Renounce Religion


You were on level 9 of the Dungeon.
You worshipped Trog.
Trog was greatly pleased with you.
You were hungry.

You visited 1 branch of the dungeon, and saw 9 of its levels.

You collected 478 gold pieces.

Inventory:

Hand Weapons
 a - a +0 mace
 d - a cursed +0 giant spiked club
 f - a cursed -1 war axe
 g - a +0 mace of draining
 o - a +0 flail
 x - a +0 hand crossbow
 z - a +0 mace of holy wrath
 B - a +0 flail of protection
 D - a +1 hand axe of flaming
 F - a +0 giant club
 I - a +0 blowgun
 J - a +5 flail (weapon)
Missiles
 r - 6 javelins (quivered)
 H - 15 poisoned needles
Armour
 b - a +0 animal skin (worn)
Jewellery
 h - an uncursed ring of see invisible
 l - an amulet of guardian spirit (around neck)
 q - a +5 ring of dexterity (right hand)
 v - an uncursed ring of positive energy
 N - the ring "Jit Oni" {Fire *Drain +Blink rElec Int+2}
   (You found it on level 8 of the Dungeon)

   [ring of fire]

   It enhances your fire magic.
   It affects your intelligence (+2).
   It protects you from fire.
   It makes you vulnerable to cold.
   It insulates you from electricity.
   It lets you blink.
   It causes draining when unequipped.
Wands
 s - a wand of random effects (50)
 C - a wand of iceblast (11)
Scrolls
 m - 4 scrolls of immolation
 t - 2 scrolls of enchant weapon
 w - a scroll of fog
 y - 2 scrolls of enchant armour
 A - 4 scrolls of identify
 L - 2 scrolls of remove curse
Potions
 e - a potion of magic
 i - a potion of lignification
 j - a potion of heal wounds
 k - 3 potions of mutation
 n - 2 potions of brilliance
 O - a potion of cancellation
Comestibles
 c - 9 rations


   Skills:
 - Level 4.0 Fighting
 + Level 11.7 Maces & Flails
 - Level 7.5 Dodging


You had 9 spell levels left.
You didn't know any spells.
Your spell library was empty.

Dungeon Overview and Level Annotations

Branches:
Dungeon (9/15)             Temple (0/1) D:5            Lair (0/6) D:8
    Orc: D:9-12

Altars:
Cheibriados
Elyvilon
Fedhas
Hepliaklqana
Makhleb
Qazlal
Ru
Sif Muna
Wu Jian
The Shining One

Annotations:
D:4 1 transporter, confidenceinterval's ghost, amateur GnBe
D:6 2 transporters, confidenceinterval's ghost, novice GnTm


Innate Abilities, Weirdness & Mutations

You are too large for most types of armour.
You have tough skin. (AC +1)


Message History

You barely miss the howler monkey.
You feel sick. The howler monkey closely misses you.
The two-headed ogre misses you.
The two-headed ogre completely misses you.
The howler monkey hits you.
* * * LOW HITPOINT WARNING * * *
You sock the howler monkey!
The howler monkey is heavily wounded.
* * * LOW HITPOINT WARNING * * *
You feel sick. The howler monkey barely misses you.
The two-headed ogre completely misses you.
The two-headed ogre closely misses you.
You closely miss the howler monkey.
The howler monkey is heavily wounded.
You feel the effects of Trog's Hand fading.
* * * LOW HITPOINT WARNING * * *
You feel sick.
The howler monkey completely misses you. x2
The two-headed ogre barely misses you.
The two-headed ogre hits you with a +0 giant club.
You die...

#...## ##....##
#....# ##....##
#....###.....#
##....#..)...##
#.....>.....##
##.........###
#..........##
...........†.##
...........O@#
...........h†##
..............#
..............#
..............#
..........#
(.........
.........##
........##


You could see a two-headed ogre and a howler monkey.

Vanquished Creatures
  A two-headed ogre (D:9)
  A queen bee (D:9)
  Duvessa (D:7)
  An ice beast (D:7)
  An orc warrior (D:9)
  A sky beast (D:8)
  2 ogres
  3 phantoms
  A centaur (D:6)
  A big kobold (D:7)
  A bullfrog (D:7)
  A scorpion (D:7)
  Dowan (D:7)
  23 killer bees
  3 wights (D:7)
  2 howler monkeys
  3 crimson imps (D:6)
  A bullfrog zombie (D:7)
  2 hounds
  2 centaur skeletons
  4 orc priests
  11 orc wizards
  A bullfrog skeleton (D:7)
  2 iguanas
  A hell rat (D:7)
  6 worker ants
  2 howler monkey zombies
  A worker ant zombie (D:6)
  4 gnolls (D:6)
  10 adders
  2 shadow imps (D:5)
  2 oozes
  An adder skeleton (D:7)
  An adder zombie (D:5)
  4 worms
  5 leopard geckos
  30 orcs
  5 giant cockroaches
  8 goblins
  10 hobgoblins
  9 jackals
  10 kobolds
  4 quokkas
  A ball python (D:6)
  6 bats
  7 frilled lizards
  A leopard gecko skeleton (D:4)
  2 quokka skeletons
  5 rats
207 creatures vanquished.

Vanquished Creatures (others)
  6 plants (D:6)
6 creatures vanquished.

Grand Total: 213 creatures vanquished

Notes
Turn   | Place    | Note
-------+----------+-------------------------------------------
     0 | D:1      | ohad the Ogre Berserker began the quest for the Orb.
     0 | D:1      | Reached XP level 1. HP: 24/24 MP: 1/1
   134 | D:1      | Reached skill level 3 in Maces & Flails
   145 | D:1      | Reached XP level 2. HP: 27/32 MP: 2/2
   794 | D:1      | Reached XP level 3. HP: 20/39 MP: 3/3
  1310 | D:2      | Found a stormy altar of Qazlal.
  1315 | D:2      | Found a blossoming altar of Fedhas.
  1317 | D:2      | Found a white marble altar of Elyvilon.
  1320 | D:2      | Found a snail-covered altar of Cheibriados.
  1358 | D:2      | Reached skill level 4 in Maces & Flails
  1398 | D:2      | Reached XP level 4. HP: 42/48 MP: 4/4
  1432 | D:2      | Reached ** piety under Trog
  2012 | D:3      | Reached skill level 5 in Maces & Flails
  2012 | D:3      | Reached XP level 5. HP: 54/54 MP: 5/5
  2749 | D:4      | Reached skill level 6 in Maces & Flails
  2749 | D:4      | Reached XP level 6. HP: 53/62 MP: 6/6
  2772 | D:4      | Found a transporter.
  2772 | D:4      | Identified the +0 dire flail of Subterfuge {flame, *Noise
                  | rElec rC+ MR+}
  2782 | D:4      | Noticed confidenceinterval's ghost (amateur GnBe)
  3024 | D:4      | Reached *** piety under Trog
  3831 | D:4      | Found a deep blue altar of Sif Muna.
  3833 | D:4      | Found a hazy altar of Hepliaklqana.
  3833 | D:4      | Found a glowing golden altar of the Shining One.
  3835 | D:4      | Found an ornate altar of the Wu Jian Council.
  3837 | D:4      | Found a burning altar of Makhleb.
  3866 | D:5      | Entered Level 5 of the Dungeon
  3881 | D:5      | Found a staircase to the Ecumenical Temple.
  4044 | D:5      | Reached skill level 7 in Maces & Flails
  4044 | D:5      | Reached XP level 7. HP: 36/70 MP: 2/7
  4371 | D:5      | Found a sacrificial altar of Ru.
  4897 | D:6      | Reached skill level 8 in Maces & Flails
  4995 | D:6      | Reached XP level 8. HP: 51/78 MP: 4/8
  5311 | D:6      | Found a transporter.
  5404 | D:6      | Found a transporter.
  5406 | D:6      | Identified the +7 spear "Leplek" {venom, +Blink Dex-2
                  | Stlth+}
  5406 | D:6      | Identified the -2 shield of the Unbroken {+Blink rCorr
                  | Dex+6 Slay+3}
  5418 | D:6      | Identified the ring of the Vendetta {+Blink rF+ Int+4 SInv}
  5422 | D:6      | Noticed confidenceinterval's ghost (novice GnTm)
  5690 | D:6      | Reached skill level 9 in Maces & Flails
  5878 | D:7      | Noticed Dowan
  5888 | D:7      | Killed Dowan
  5888 | D:7      | Noticed Duvessa
  5893 | D:7      | Killed Duvessa
  6254 | D:7      | Reached skill level 10 in Maces & Flails
  6533 | D:7      | Reached XP level 9. HP: 9/84 MP: 2/9
  6841 | D:7      | Reached **** piety under Trog
  7784 | D:8      | Got a fine bronze ring
  7786 | D:8      | Identified the ring "Jit Oni" {Fire *Drain +Blink rElec
                  | Int+2} (You found it on level 8 of the Dungeon)
  7984 | D:8      | HP: 4/84 [killer bee (5)]
  8274 | D:8      | Noticed a death yak
  8277 | D:8      | Noticed a death yak
  8307 | D:8      | Reached skill level 5 in Dodging
  8402 | D:8      | Found a staircase to the Lair.
  8404 | D:8      | Noticed a death yak
  8876 | D:9      | Noticed a two-headed ogre
  8894 | D:9      | Killed a two-headed ogre
  8940 | D:9      | Reached XP level 10. HP: 32/92 MP: 2/10
  9248 | D:9      | Reached skill level 11 in Maces & Flails
  9972 | D:9      | Noticed a two-headed ogre
  9981 | D:9      | HP: 4/92 [poisoned by a killer bee]
  9983 | D:9      | HP: 1/92 [poisoned by a killer bee]
  9984 | D:9      | Slain by a two-headed ogre

Vault maps used:
D:1:      scummos_arrival_star, nrook_mini_vaults
D:2:      minitemple
D:4:      grunt_temple_overflow_open, cheibrodos_sewer_entry_bend,
          gammafunk_ghost_smash
D:5:      old_standard_altar, minmay_temple_entry_trees, first_ration,
          minmay_fractal_squares_5
D:6:      gammafunk_ghost_gnarly_gnolls
D:7:      uniq_duvessa
D:8:      dpeg_lair_monsters, uniq_gastronok
D:9:      david_nohive_1

Skill      XL: |  1  2  3  4  5  6  7  8  9 10 |
---------------+-------------------------------+-----
Maces & Flails | 3 4 5 6 7 8 10 11 | 11.7
Dodging        | 7 |  7.5
Fighting       | |  4.0

Action                   |  1- 3 |  4- 6 |  7- 9 | 10-12 || total
-------------------------+-------+-------+-------+-------++-------
Melee: Mace              |   111 |   182 |   109 |     1 ||   403
       Giant club        |       |       |    96 |       ||    96
       Flail             |       |       |   143 |   110 ||   253
Throw: Javelin           |       |       |     4 |     1 ||     5
Invok: Trog's Hand       |       |     2 |     4 |     3 ||     9
       Berserk           |       |     1 |     5 |     2 ||     8
  Use: Scroll            |       |    10 |     9 |       ||    19
       Potion            |       |       |     4 |     5 ||     9
  Eat: Chunk             |     2 |     8 |    17 |     2 ||    29
       Ration            |       |       |     2 |     1 ||     3
Armor: Animal skin       |    19 |    53 |    63 |    16 ||   151
Dodge: Dodged            |    68 |   108 |   227 |   156 ||   559

Table legend:
 A = Non-vault XP
 B = Vault XP
 C = Vault XP percentage of total XP
 D = Non-vault monster count
 E = Vault monster count
 F = Vault count percentage of total count
                 A         B        C        D         E       F
            +---------+---------+-------+---------+---------+-------
      Total |    4786 |    1492 |  23.8 |     182 |      25 |  12.1
            +---------+---------+-------+---------+---------+-------
        D:1 |      44 |       0 |   0.0 |      22 |       0 |   0.0
        D:2 |      83 |       0 |   0.0 |      17 |       0 |   0.0
        D:3 |     107 |       0 |   0.0 |      22 |       0 |   0.0
        D:4 |     321 |       5 |   1.5 |      23 |       1 |   4.2
        D:5 |     137 |      82 |  37.4 |       7 |       6 |  46.2
        D:6 |     729 |       0 |   0.0 |      22 |       0 |   0.0
        D:7 |    1092 |     244 |  18.3 |      29 |       3 |   9.4
        D:8 |     747 |       0 |   0.0 |      15 |       0 |   0.0
        D:9 |    1526 |    1161 |  43.2 |      25 |      15 |  37.5
            +---------+---------+-------+---------+---------+-------
